 Dungeon Crawl Stone Soup version 0.31-a0-187-gba352fbbf7 (webtiles) character file.

Game seed: 14019018086829623162

1026 qw the Skirmisher (level 8, 0/44 HPs)
             Began as a Deep Elf Hunter on June 22, 2023.
             Slain by Duvessa
             ... wielding a +0 short sword of protection
              (7 damage)
             ... on level 5 of the Dungeon.
             The game lasted 00:01:38 (3756 turns).

qw the Skirmisher (Deep Elf Hunter)                 Turns: 3756, Time: 00:01:39

Health: 0/44       AC: 11    Str: 10    XL:     8   Next: 2%
Magic:  10/10      EV: 11    Int: 15    God:
Gold:   155        SH:  0    Dex: 18    Spells: 7/7 levels left

rFire   . . .        Y - +0 shortbow
rCold   . . .        (shield currently unavailable)
rNeg    . . .        f - +3 ring mail
rPois   .            d - +1 helmet
rElec   .            (no cloak)
rCorr   .            (no gloves)
SInv    .            h - +0 pair of boots
Will    .....        (no amulet)
Stlth   +            (no ring)
HPRegen 0.27/turn    (no ring)
MPRegen 0.12/turn

%: no passive effects
@: no status effects
A: no striking features
a: no special abilities


You were on level 5 of the Dungeon.
You visited 1 branch of the dungeon, and saw 5 of its levels.

You collected 155 gold pieces.


   Skills:
 + Level 2.0 Fighting
 - Level 12.3 Ranged Weapons
 - Level 1.7 Armour
 - Level 3.4 Dodging
 - Level 1.2 Stealth


You had 7 spell levels left.
You didn't know any spells.
Your spell library was empty.

Inventory:

Hand Weapons
 Y - a +0 shortbow (weapon)
Armour
 d - a +1 helmet (worn)
 f - a +3 ring mail (worn)
 h - a +0 pair of boots (worn)
Scrolls
 a - a scroll of identify
 e - a scroll of poison {unknown}
Potions
 b - a potion of haste
 c - a potion of heal wounds

Dungeon Overview and Level Annotations

Branches:
Dungeon (5/15)
 Temple: D:4-7

Altars:
Ashenzari
Cheibriados
Fedhas
Wu Jian

Portals:
Abyss: D:3

Annotations:
D:3 2 transporters, qw's ghost, amateur DEHu
D:5 Dowan; Duvessa


Message History

Duvessa misses you. Dowan gestures at you while chanting.
You easily resist.
You shoot an arrow. The arrow hits Duvessa.
Duvessa is lightly wounded.
Duvessa closely misses you. Dowan hits you but does no damage.
You shoot an arrow.
The arrow hits Duvessa but does no damage.
Duvessa is lightly wounded.
Duvessa hits you with a +0 short sword of protection.
Duvessa barely misses you. Dowan casts a spell at you.
You easily resist.
You shoot an arrow. The arrow hits Duvessa.
Duvessa is moderately wounded.
Duvessa hits you with a +0 short sword of protection.
Dowan hits you but does no damage.
You shoot an arrow. The arrow closely misses Duvessa.
Duvessa hits you but does no damage. x2; Dowan hits you but does no damage.
You shoot an arrow.
The arrow hits Duvessa but does no damage.
Duvessa is moderately wounded.
Duvessa closely misses you. Dowan hits you but does no damage.
You shoot an arrow.
The arrow hits Duvessa but does no damage.
Duvessa is moderately wounded.
Duvessa hits you but does no damage.
You shoot an arrow.
The arrow hits Duvessa but does no damage.
Duvessa is moderately wounded.
Duvessa hits you with a +0 short sword of protection!
Dowan hisses, "Insulting my beauty only makes me fight harder!"
Dowan points at you and mumbles some strange words.
The puff of flame hits you.
You shoot an arrow. The arrow closely misses Duvessa.
Duvessa misses you. Dowan casts a spell at you. The puff of frost hits you.
Duvessa hits you with a +0 short sword of protection!
You die...

*,,,,,,*,,,,,*
*..,,,,#.....# *****
*...,,,+.....* *,,,***
*,...,,#....#* *,,,+,***
*,##.#*#....***
*,,,**,,*
*,#8.8##...,,,*
********,
*,,,......,,,,* **
*,*8,8#.e######
***#.###@e....##########
#...........#..##...##
######......#...#.....
#..............).....
#.######.############
*,,,,,,#.#...........
*,****,#.#.####.####.
**,*,,,,#.#,,,,#.#....
*,,*,***#.#***,#.#.###


You could see Duvessa (fast) and Dowan.

Vanquished Creatures
  Sigmund (D:5)
  Eustachio (D:5)
  A water moccasin (D:4)
  An ogre (D:5)
  2 phantoms
  A scorpion (D:4)
  A hound (D:4)
  Jessica (D:3)
  3 iguanas
  A sleepcap (D:4)
  An orc wizard (D:5)
  3 gnolls (D:4)
  4 adders
  3 worms
  A dart slug (D:1)
  3 orcs
  7 ball pythons
  3 bats
  3 endoplasms
  10 giant cockroaches
  8 goblins
  4 hobgoblins
  6 jackals
  2 quokkas (D:2)
  A frilled lizard (D:2)
  4 kobolds
  6 rats
82 creatures vanquished.

Notes
Turn   | Place    | Note
-------+----------+-------------------------------------------
     0 | D:1      | qw the Deep Elf Hunter began the quest for the Orb.
     0 | D:1      | Reached XP level 1. HP: 12/12 MP: 3/3
     0 | D:1      | 0 ||| qw: Version: 0.3-a-9-g12657ce
     0 | D:1      | 0 ||| qw: Game counter: 2586
     0 | D:1      | 0 ||| qw: Always use a shield: true
     0 | D:1      | 0 ||| qw: God list: Okawaru
     0 | D:1      | 0 ||| qw: Allow faded altars: false
     0 | D:1      | 0 ||| qw: Do Orc after D:15 true
     0 | D:1      | 0 ||| qw: Do second Lair branch before Depths: true
     0 | D:1      | 0 ||| qw: Lair rune preference: random
     0 | D:1      | 0 ||| qw: Plans: Normal
     0 | D:1      | 0 ||| PLANNING D:1-11
   203 | D:1      | Reached XP level 2. HP: 16/16 MP: 4/4
   329 | D:1      | Reached skill level 6 in Ranged Weapons
   824 | D:1      | 824 ||| UPGRADING to +0 ring mail.
   834 | D:1      | 834 ||| DROPPING +0 leather armour.
   835 | D:1      | 835 ||| DROPPING ring of flight.
   836 | D:1      | 836 ||| READING 2 scrolls labelled YKLAELAUSM.
   837 | D:1      | 837 ||| READING 3 scrolls labelled UVVESCH TIEFFEZI.
   838 | D:1      | 838 ||| READING 2 scrolls of enchant armour.
   838 | D:1      | 838 ||| ENCHANTING +0 ring mail.
   839 | D:1      | 839 ||| READING scroll of enchant armour.
   839 | D:1      | 839 ||| ENCHANTING +1 ring mail.
   840 | D:1      | 840 ||| DROPPING scroll of butterflies.
   873 | D:2      | 873 ||| STAIRDANCE
   924 | D:2      | Reached XP level 3. HP: 20/20 MP: 5/5
  1064 | D:2      | Reached skill level 7 in Ranged Weapons
  1402 | D:2      | 1402 ||| READING scroll labelled SYOMIF CONGUP.
  1403 | D:2      | 1403 ||| READING scroll labelled FARHEOXT CESK.
  1408 | D:2      | 1408 ||| READING scroll labelled MEBUQ TAENA.
  1409 | D:2      | 1409 ||| DRINKING 2 viscous green potions.
  1514 | D:2      | 1514 ||| DROPPING potion of berserk rage.
  1604 | D:3      | Reached XP level 4. HP: 25/25 MP: 6/6
  1683 | D:3      | Found a transporter.
  1715 | D:3      | Found a broken altar of Ashenzari.
  1787 | D:3      | Noticed Jessica
  1800 | D:3      | Killed Jessica
  1801 | D:3      | Reached skill level 8 in Ranged Weapons
  1884 | D:3      | Noticed a kobold brigand
  1884 | D:3      | Noticed qw's ghost (amateur DEHu)
  1895 | D:3      | Found a one-way gate to the infinite horrors of the Abyss.
  1905 | D:3      | Found a transporter.
  2100 | D:4      | HP: 6/25 [gnoll/+2 whip of electrocution (4)]
  2102 | D:4      | Reached XP level 5. HP: 7/29 MP: 7/7
  2261 | D:4      | Reached skill level 9 in Ranged Weapons
  2278 | D:4      | 2278 ||| FLEEEEING.
  2279 | D:4      | 2279 ||| FLEEEEING.
  2385 | D:4      | Noticed a phantom
  2398 | D:4      | Killed a phantom
  2399 | D:4      | Reached XP level 6. HP: 30/35 MP: 8/8
  2416 | D:4      | Noticed a water moccasin
  2427 | D:4      | HP: 8/35 [frozen (2)]
  2428 | D:4      | Killed a water moccasin
  2429 | D:4      | Reached skill level 10 in Ranged Weapons
  2577 | D:4      | Reached skill level 3 in Dodging
  2858 | D:4      | 2858 ||| READING scroll of enchant armour.
  2858 | D:4      | 2858 ||| ENCHANTING +2 ring mail.
  3006 | D:4      | You fall into a shaft and drop 1 floor!
  3006 | D:5      | Entered Level 5 of the Dungeon
  3040 | D:5      | Noticed Sigmund
  3050 | D:5      | Killed Sigmund
  3051 | D:5      | Reached skill level 11 in Ranged Weapons
  3051 | D:5      | Reached XP level 7. HP: 37/40 MP: 9/9
  3114 | D:5      | Found a blossoming altar of Fedhas.
  3141 | D:5      | 3141 ||| UPGRADING to +1 helmet.
  3146 | D:5      | 3146 ||| UPGRADING to +0 pair of boots.
  3151 | D:5      | 3151 ||| READING scroll labelled LIGETZ ZERUSIL.
  3152 | D:5      | 3152 ||| READING scroll labelled BAYTITH OSHASHRE.
  3153 | D:5      | 3153 ||| READING 4 scrolls of identify.
  3153 | D:5      | 3153 ||| IDENTIFYING murky clear potion
  3154 | D:5      | 3154 ||| READING 3 scrolls of identify.
  3154 | D:5      | 3154 ||| IDENTIFYING smoky golden potion
  3155 | D:5      | 3155 ||| READING 2 scrolls of identify.
  3155 | D:5      | 3155 ||| IDENTIFYING fizzy red potion
  3156 | D:5      | 3156 ||| DROPPING potion of lignification.
  3467 | D:4      | Found a snail-covered altar of Cheibriados.
  3467 | D:4      | Found an ornate altar of the Wu Jian Council.
  3589 | D:5      | Reached skill level 1 in Armour
  3678 | D:5      | Noticed Eustachio
  3696 | D:5      | Killed Eustachio
  3697 | D:5      | Reached skill level 12 in Ranged Weapons
  3697 | D:5      | Reached XP level 8. HP: 44/44 MP: 10/10
  3740 | D:5      | Noticed Dowan
  3742 | D:5      | Noticed Duvessa
  3756 | D:5      | HP: 7/44 [Dowan/puff of frost (6)]
  3756 | D:5      | Slain by Duvessa

Levels and vault maps discovered:
D:1:      giann_forest_graveyard, layout_basic
D:2:      layout_rooms, roderic_three_in_a_row, minmay_worlds_worst_comb
D:3:      layout_basic, cheibrodos_ashenzari_chains,
          gammafunk_ghost_abyssal_escape,
          nicolae_concentric_dashed_squares_wild, uniq_jessica
D:4:      layout_basic, gammafunk_temple_overflow_statue
D:5:      layout_gridville, lemuel_crystal_altar, small_statue_intersection,
          roderic_lattice_a, uniq_eustachio, uniq_sigmund,
          uniq_crazy_yiuf_cottage, uniq_duvessa

Skill      XL: |  1  2  3  4  5  6  7 |
---------------+----------------------+-----
Ranged Weapons | 6 7 8 9 11 12 | 12.3
Fighting       | 2 |  2.0
Dodging        | 3 |  3.4
Armour         | 1 |  1.7
Stealth        | |  1.2

Action                     |  1- 3 |  4- 6 |  7- 9 || total
---------------------------+-------+-------+-------++-------
   Fire: Shortbow          |   164 |   168 |    79 ||   411
    Use: Scroll            |     7 |     1 |     5 ||    13
         Potion            |     1 |       |       ||     1
 Armour: Leather armour    |     1 |       |       ||     1
         Ring mail         |    42 |    22 |    33 ||    97
  Dodge: Dodged            |    60 |    45 |    17 ||   122

Table legend:
 A = Non-vault XP
 B = Vault XP
 C = Vault XP percentage of total XP
 D = Non-vault monster count
 E = Vault monster count
 F = Vault count percentage of total count
                 A         B        C        D         E       F
            +---------+---------+-------+---------+---------+-------
      Total |     995 |     471 |  32.1 |      75 |       7 |   8.5
            +---------+---------+-------+---------+---------+-------
        D:1 |      35 |       2 |   5.4 |      18 |       1 |   5.3
        D:2 |      47 |       6 |  11.3 |      19 |       3 |  13.6
        D:3 |      30 |      37 |  55.2 |       9 |       1 |  10.0
        D:4 |     572 |       0 |   0.0 |      23 |       0 |   0.0
        D:5 |     311 |     426 |  57.8 |       6 |       2 |  25.0
            +---------+---------+-------+---------+---------+-------
